 Dungeon Crawl Stone Soup version 0.19.5 (webtiles) character file.

42 Gargoyl the Skirmisher (level 3, -4/33 HPs)
             Began as a Ghoul Abyssal Knight on Mar 24, 2017.
             Was a Follower of Lugonu.
             Slain by a goblin
             ... wielding a +0 dagger
             ... led by Robin
              (5 damage)
             ... on level 2 of the Dungeon.
             The game lasted 00:02:05 (1139 turns).

Gargoyl the Skirmisher (Ghoul Abyssal Knight)       Turns: 1139, Time: 00:02:06

Health: -4/33      AC:  8    Str: 15    XL:     3   Next: 54%
Magic:  3/3        EV:  6    Int:  7    God:    Lugonu [*.....]
Gold:   88         SH:  0    Dex:  9    Spells: 0 memorised, 2 levels left

rFire  . . .     SeeInvis .     a - +2 hand axe
rCold  + . .     Gourm    .     e - +0 chain mail
rNeg   + + +     Faith    .     (no shield)
rPois  ∞         Spirit   .     (no helmet)
rElec  .         Reflect  .     (no cloak)
rCorr  .         Harm     .     (no gloves)
MR     .....                    (no boots)
Stlth  ..........               (no amulet)
                                (no ring)
                                (no ring)

@: rotting
A: rotting body, claws 1, carnivore 3, cold resistance 1, negative energy
resistance 3, slow regeneration 1, torment resistance, unbreathing
a: Depart the Abyss, Renounce Religion


You were on level 2 of the Dungeon.
You worshipped Lugonu.
Lugonu was aware of your devotion.
You were not hungry.

You visited 1 branch of the dungeon, and saw 2 of its levels.
You visited the Abyss 1 time.

You collected 88 gold pieces.

Inventory:

Hand Weapons
 a - a +2 hand axe (weapon)
Armour
 e - a +0 chain mail (worn)
Scrolls
 g - a scroll of remove curse
 l - 2 scrolls of identify
Potions
 b - 2 potions of curing
 d - a potion of invisibility {unknown}
 f - a potion of haste {unknown}
 k - a potion of heal wounds {unknown}
Comestibles
 c - a meat ration
 j - 3 chunks of flesh


   Skills:
 + Level 3.7 Fighting
 + Level 2.2 Axes
 * Level 2.3 Armour
 + Level 1.0 Dodging
 * Level 2.4 Invocations


You had 2 spell levels left.
You didn't know any spells.

Dungeon Overview and Level Annotations

Branches:
Dungeon (2/15)

Altars:

Annotations:
D:2 Robin


Innate Abilities, Weirdness & Mutations

Your body is rotting away.
You thrive on raw meat.
You are immune to poison.
You have sharp fingernails.
You are carnivorous and can eat meat at any time.
Your flesh is cold resistant. (rC+)
You are immune to negative energy. (rN+++)
You regenerate slowly when monsters are visible.
You are immune to unholy pain and torment.
You can survive without breathing.


Message History

The goblin hits you with a dagger.
Unknown command.
You hit the goblin.
You kill the goblin!
Lugonu accepts your kill.
You hit the goblin.
You kill the goblin!
Lugonu accepts your kill.
You hit the goblin. The goblin hits you with a dagger!
* * * LOW HITPOINT WARNING * * *
Robin zaps a wand.
Some rock shatters into small pieces.
It is a wand of digging.
You hit the goblin.
You kill the goblin!
Lugonu accepts your kill.
You closely miss the goblin. x2; The goblin hits you but does no damage.
The goblin hits you with a dagger!
* * * LOW HITPOINT WARNING * * *
The goblin hits you with a dagger.
You die...

.........#.#
###.##.###.#######
.................#######
.##.##.####.####........
.##.##.# #.####........
....##.# #.#...g.g.....
.......# #)#.#.gggg....
.####### #.#..#ggr.....
..# #####....g@# ..#
#.......#### ..#
#.###.#.# #.# ..# #..
#.# (## #


You could see Robin, a quokka, 2 hobgoblins and 6 goblins.

Vanquished Creatures
  An ooze (D:1)
  A dart slug (D:1)
  A leopard gecko (D:1)
  12 goblins
  A hobgoblin (D:1)
  4 jackals (D:1)
  4 bats (D:1)
  2 frilled lizards (D:2)
  3 kobolds (D:1)
  3 rats (D:1)
32 creatures vanquished.

Notes
Turn   | Place    | Note
-------+----------+-------------------------------------------
     0 | Abyss:1  | Gargoyl the Ghoul Abyssal Knight began the quest for the Orb.
     0 | Abyss:1  | Reached XP level 1. HP: 19/19 MP: 1/1
    17 | Abyss:1  | Found an iron altar of Okawaru.
    22 | Abyss:1  | Found a corrupted altar of Lugonu.
    58 | Abyss:1  | Noticed a ghost moth zombie
    58 | D:1      | Escaped the Abyss
   125 | D:1      | Reached skill level 1 in Dodging
   400 | D:1      | Reached XP level 2. HP: 24/26 MP: 2/2
   479 | D:1      | Reached * piety under Lugonu
   683 | D:1      | Reached XP level 3. HP: 33/33 MP: 3/3
  1131 | D:2      | Noticed Robin
  1139 | D:2      | HP: 1/33 [goblin/dagger (7)]
  1139 | D:2      | Slain by a goblin

Skill      XL: |  1  2 |
---------------+-------+-----
Dodging        | 1 |  1.0
Axes           | 2 |  2.2
Armour         | 2 |  2.3
Fighting       | |  3.7
Invocations    | |  2.4

Action                   || total
-------------------------++-------
Melee: Hand axe          ||    75
Invok: Depart the Abyss  ||     1
  Use: Scroll            ||     5
  Eat: Chunk             ||    10
Armor: Chain mail        ||    67
Dodge: Dodged            ||    30
